 Dungeon Crawl Stone Soup version 0.28.0 (webtiles) character file.

Game seed: 11887319537530290037

16802 PoweredByGinger the Blocker (level 12, -1/104 HPs)
             Began as a Minotaur Fighter on Feb 15, 2022.
             Was a High Priest of Okawaru.
             Slain by a blink frog (10 damage)
             ... on level 3 of the Lair of Beasts.
             The game lasted 00:21:12 (19289 turns).

PoweredByGinger the Blocker (Minotaur Fighter)     Turns: 19289, Time: 00:21:12

Health: -1/104     AC: 15    Str: 26    XL:     12   Next: 13%
Magic:  18/18      EV:  7    Int:  5    God:    Okawaru [*****.]
Gold:   653        SH:  0    Dex: 10    Spells: 11/11 levels left

rFire   . . .      SeeInvis +   a - +0 war axe
rCold   . . .      Faith    .   (no shield)
rNeg    . . .      Spirit   .   q - +0 plate armour
rPois   .          Reflect  .   m - +1 hat {SInv}
rElec   .          Harm     .   (no cloak)
rCorr   .          Rampage  .   (no gloves)
Will    .....                   s - +2 pair of boots
Stlth   ..........              (no amulet)
HPRegen 0.27/turn               (no ring)
MPRegen 0.16/turn               (no ring)

@: confused, lethally poisoned (-1 -> -5), ambrosia-drunk
A: horns 2, retaliatory headbutt
a: Renounce Religion, Heroism, Finesse, Duel


You were on level 3 of the Lair of Beasts.
You worshipped Okawaru.
Okawaru was extremely pleased with you.
You visited 3 branches of the dungeon, and saw 14 of its levels.

You collected 653 gold pieces.

Inventory:

Hand Weapons
 a - a +0 war axe (weapon)
 b - a +2 glaive of flaming
Missiles
 f - 12 poisoned darts (quivered)
 v - 5 datura-tipped darts
 y - 203 arrows
 D - 9 atropa-tipped darts
 E - 3 boomerangs
 F - 67 bolts
 I - 3 throwing nets
 T - 5 silver javelins
Armour
 c - a +0 buckler
 m - a +1 hat of see invisible (worn)
 q - a +0 plate armour (worn)
 s - a +2 pair of boots (worn)
 G - +0 steam dragon scales
 N - a +0 cloak
Jewellery
 g - a ring of wizardry
 x - an amulet of faith
 B - the ring "Xedghafi" {rN+ Will+ Int+4 Stlth+}
   (You took it off a centaur on level 5 of the Dungeon)

   [ring of willpower]

   Int:       It affects your intelligence (+4).
   rN:        It protects you from negative energy.
   Will:      It increases your willpower.
   Stlth:     It makes you more stealthy.
 J - a ring of positive energy
 O - a ring of wizardry
 Q - a ring of fire
 W - a ring of ice
Wands
 p - a wand of acid (3)
 r - a wand of digging (5)
 w - a wand of iceblast (20)
 L - a wand of flame (10)
 P - a wand of paralysis (7)
Scrolls
 e - a scroll of silence {unknown}
 h - 3 scrolls of enchant weapon {unknown}
 i - a scroll of fog {unknown}
 j - 4 scrolls of torment {unknown}
 n - 5 scrolls of noise
 o - a scroll of teleportation
 t - 8 scrolls of identify
 u - a scroll of holy word {unknown}
 A - 2 scrolls of blinking {unknown}
 H - a scroll of immolation {unknown}
 K - a scroll of fear {unknown}
Potions
 d - 4 potions of might
 k - 3 potions of mutation
 l - a potion of cancellation
 z - 5 potions of flight
 C - a potion of ambrosia
 M - a potion of invisibility {unknown}
 R - 2 potions of attraction {unknown}
 S - a potion of lignification
 U - a potion of heal wounds {unknown}


   Skills:
 - Level 9.0 Fighting
 - Level 13.9 Axes
 - Level 3.6 Armour
 - Level 14.1 Shields
 * Level 9.4 Invocations


You had 11 spell levels left.
You didn't know any spells.
Your spell library contained the following spells:

 Spells                   Type           Power      Damage    Failure   Level
 Corpse Rot               Necr/Air       0%         N/A       100%        2
 Poisonous Vapours        Pois/Air       0%         N/A       100%        2
 Sublimation of Blood     Necr           0%         N/A       100%        2
 Wereblood                Tmut           0%         N/A       100%        2
 Confusing Touch          Hex            0%         N/A       100%        3
 Dazzling Flash           Conj/Hex       0%         N/A       100%        3
 Portal Projectile        Hex/Tloc       0%         N/A       100%        3
 Iskenderun's Mystic Bla  Conj/Tloc      0%         2d3       100%        4
 Leda's Liquefaction      Hex/Erth       0%         N/A       100%        4
 Yara's Violent Unravell  Hex/Tmut       0%         3d3       100%        5
 Starburst                Conj/Fire      0%         6d3       100%        6
 Enfeeble                 Hex            0%         N/A       100%        7
 Call Canine Familiar     Summ           Unusable   N/A       N/A         3
 Summon Hydra             Summ           Unusable   N/A       N/A         7

Dungeon Overview and Level Annotations

Branches:
Dungeon (10/15)            Temple (1/1) D:6            Lair (3/6) D:9
 Shoals (0/4) Lair:2
  Snake: Lair:2-4    Spider: Lair:2-4       Orc: D:9-12

Altars:
Ashenzari
Cheibriados
Dithmenos
Elyvilon
Fedhas
Gozag
Hepliaklqana
Kikubaaqudgha
Makhleb
Nemelex Xobeh
Okawaru
Qazlal
Ru
Sif Muna
Trog
Uskayaw
Vehumet
Wu Jian
Xom
Yredelemnul
Zin
The Shining One

Shops:
D:8 *

Annotations:
D:9 1 runed translucent door, exclusion: upstairs, Fractals's ghost, novice TeBe


Innate Abilities, Weirdness & Mutations

You have a pair of horns on your head.
You reflexively headbutt those who attack you in melee.


Message History

You feel very sick. The black mamba bites you!
* * * LOW HITPOINT WARNING * * *
You are lethally poisoned!
The black mamba poisons you!
Unknown command.
Unknown command.
Unknown command.
* * * LOW HITPOINT WARNING * * *
You feel very sick.
The black mamba bites you but does no damage.
Your surroundings suddenly seem different.
A blink frog comes into view.
Found an escape hatch in the floor.
* * * LOW HITPOINT WARNING * * *
You feel very sick.
The blink frog blinks!
The blink frog moves out of view.
You are confused.
You feel invigorated.
* * * LOW HITPOINT WARNING * * *
You feel very sick.
You bump into the rock wall.
* * * LOW HITPOINT WARNING * * *
You feel very sick.
Unknown command.
You bump into the rock wall.
* * * LOW HITPOINT WARNING * * *
You feel sick.
Unknown command.
You barely miss the bush.
You headbutt the bush, but do no damage.
* * * LOW HITPOINT WARNING * * *
You feel sick.
Unknown command. 2 blink frogs come into view.
You feel sick.
The blink frog croaks.
You hear a loud, deep croak!
A blink frog comes into view.
The blink frog hits you!
You die...

.....>. #PP#...
....... .F.....
#+#.P.. .F....
...#.. F....
...... #...
...... #...
......
...#...####
......
......F@.P#
......
....>...........
.#...
.....##.##.#....
..... ...+ .##
## ... ..... ##
## # ..... ##...
#... #... #...


You could see 4 blink frogs.

Vanquished Creatures
  Gastronok (D:8)
  2 hydras
  Harold (D:8)
  Fannar (Lair:3)
  A centaur warrior (D:10)
  A two-headed ogre (D:10)
  A tengu warrior (D:10)
  A cyclops (D:10)
  A black mamba (Lair:1)
  A merfolk siren (Lair:2)
  Joseph (D:8)
  Maggie (D:6)
  An unseen horror (D:10)
  2 komodo dragons (Lair:2)
  A rime drake (Lair:2)
  8 blink frogs
  A jumping spider (shapeshifter) (D:10)
  A wraith (D:9)
  2 wyverns
  3 yaks (Lair:2)
  A basilisk (Lair:1)
  2 steam dragons
  3 vampire mosquitoes (D:9)
  7 water moccasins
  An ice beast (D:5)
  3 black bears
  2 orc warriors
  A sky beast (D:8)
  9 wolves
  7 centaurs
  A necrophage (D:6)
  3 ogres
  A kobold brigand (D:7)
  4 bullfrogs
  A gnoll sergeant (D:8)
  6 scorpions
  A water moccasin zombie (D:5)
  An electric eel (Lair:1)
  3 wights (D:7)
  6 howler monkeys
  4 centaur zombies
  2 hounds
  A jelly (D:4)
  2 gnoll shamans
  A bullfrog skeleton (D:7)
  5 orc priests
  An iguana (D:6)
  11 orc wizards
  A scorpion zombie (D:5)
  A howler monkey zombie (D:10)
  15 gnolls
  A howler monkey skeleton (D:6)
  6 adders
  3 white imps
  An ufetubus (D:6)
  5 worms (D:2)
  2 dart slugs
  29 orcs
  7 endoplasms
  5 giant cockroaches
  11 goblins
  5 hobgoblins
  8 jackals
  16 kobolds
  4 quokkas
  5 ball pythons
  7 bats
  5 rats
  A spectral goblin (D:6)
260 creatures vanquished.

Vanquished Creatures (others)
  An adder (D:6)
  17 fungi
  18 plants
36 creatures vanquished.

Grand Total: 296 creatures vanquished

Notes
Turn   | Place    | Note
-------+----------+-------------------------------------------
     0 | D:1      | PoweredByGinger the Minotaur Fighter began the quest for
                  | the Orb.
     0 | D:1      | Reached XP level 1. HP: 19/19 MP: 0/0
    43 | D:1      | Reached skill level 4 in Shields
    94 | D:1      | Reached XP level 2. HP: 26/26 MP: 1/1
   266 | D:1      | Found a faded altar of an unknown god.
   570 | D:1      | Reached XP level 3. HP: 31/31 MP: 2/2
  1094 | D:2      | Found an ancient bone altar of Kikubaaqudgha.
  1170 | D:2      | Reached XP level 4. HP: 34/39 MP: 3/3
  1222 | D:2      | Reached skill level 5 in Shields
  1681 | D:3      | Reached XP level 5. HP: 41/45 MP: 4/4
  1688 | D:3      | Reached skill level 5 in Axes
  2014 | D:3      | Reached skill level 6 in Shields
  2537 | D:4      | Reached XP level 6. HP: 21/51 MP: 5/5
  3745 | D:5      | Entered Level 5 of the Dungeon
  4104 | D:5      | Identified the ring "Xedghafi" {rN+ Will+ Int+4 Stlth+}
  4117 | D:5      | Reached skill level 7 in Shields
  4117 | D:5      | Reached XP level 7. HP: 16/57 MP: 6/6
  4813 | D:5      | Reached skill level 8 in Shields
  5399 | D:5      | Reached XP level 8. HP: 60/64 MP: 7/7
  6108 | D:5      | Reached skill level 9 in Shields
  6186 | D:6      | Noticed Maggie
  6195 | D:6      | Killed Maggie
  6196 | D:6      | Reached skill level 10 in Shields
  6373 | D:6      | Found a staircase to the Ecumenical Temple.
  6462 | Temple   | Entered the Ecumenical Temple
  6738 | Temple   | Became a worshipper of Warmaster Okawaru
  6898 | D:6      | Found a hazy altar of Hepliaklqana.
  6992 | D:6      | Reached skill level 10 in Axes
  7303 | D:7      | Reached * piety under Okawaru
  7304 | D:7      | Reached XP level 9. HP: 52/70 MP: 8/8
  7678 | D:7      | Reached skill level 11 in Shields
  8893 | D:8      | Noticed Joseph
  8903 | D:8      | Killed Joseph
  8903 | D:8      | Reached ** piety under Okawaru
  8995 | D:8      | Noticed Gastronok
  9013 | D:8      | Noticed Harold
 10092 | D:9      | Reached skill level 12 in Shields
 10306 | D:9      | Reached skill level 5 in Fighting
 10671 | D:9      | Reached XP level 10. HP: 59/81 MP: 9/9
 10690 | D:9      | Found a staircase to the Lair.
 10868 | D:9      | Found a runed translucent door.
 10885 | D:9      | Noticed Fractals's ghost (novice TeBe)
 10954 | D:9      | Reached *** piety under Okawaru
 11629 | D:10     | Entered Level 10 of the Dungeon
 11817 | D:10     | Noticed a two-headed ogre
 11825 | D:10     | HP: 1/83 [two-headed ogre (13)]
 12194 | D:8      | Found Yrepuc's Assorted Antiques.
 12424 | D:8      | Killed Harold
 12424 | D:8      | Received a gift from Okawaru
 12425 | D:8      | Reached skill level 13 in Shields
 12791 | D:8      | Killed Gastronok
 12791 | D:8      | Reached **** piety under Okawaru
 13348 | D:10     | Killed a two-headed ogre
 13348 | D:10     | Reached ***** piety under Okawaru
 13601 | D:10     | Noticed a centaur warrior
 13614 | D:10     | Killed a centaur warrior
 13615 | D:10     | Reached XP level 11. HP: 48/95 MP: 10/10
 13818 | D:10     | Noticed a tengu warrior
 13833 | D:10     | Killed a tengu warrior
 13833 | D:10     | Received a gift from Okawaru
 14350 | D:10     | Reached skill level 14 in Shields
 14721 | Lair:1   | Entered Level 1 of the Lair of Beasts
 14858 | Lair:1   | Reached skill level 1 in Invocations
 15539 | Lair:1   | Noticed a five-headed hydra
 16195 | Lair:2   | Reached skill level 5 in Invocations
 16755 | Lair:1   | Killed a one-headed hydra
 18007 | Lair:2   | Identified the +5 hunting sling "Hufeikur" {freeze,
                  | *Corrode Str+5 SInv} (Okawaru gifted it to you on level 2
                  | of the Lair of Beasts)
 18007 | Lair:2   | Received a gift from Okawaru
 18335 | Lair:2   | Found a staircase to the Shoals.
 18541 | Lair:3   | Noticed Fannar
 18557 | Lair:3   | Killed Fannar
 18558 | Lair:3   | Reached XP level 12. HP: 90/104 MP: 17/17
 18919 | Lair:3   | Noticed a seven-headed hydra
 18933 | Lair:3   | Killed a three-headed hydra
 19284 | Lair:3   | HP: 2/104 [poisoned by a black mamba]
 19289 | Lair:3   | Slain by a blink frog

Illustrated notes

Levels and vault maps discovered:
D:1:      dpeg_arrival_arbitrary_a, layout_loops_ring,
          ebering_ecumenical_altar_webs
D:2:      layout_rooms, basic_altar, grunt_ministairs_12, roderic_roman_lattice
D:3:      layout_loops_ring, serial_bayou_pond_a
D:4:      layout_layer_cave
D:5:      layout_basic, serial_park_tiny_pond, minmay_misc_feat_x
D:6:      layout_basic, nicolae_hepliaklqana_monster_ancestors,
          minmay_temple_entry_tees, minmay_misc_feat_tower, uniq_maggie
D:7:      layout_rooms, serial_co_window_serial, co_window_of_opportunity_a,
          co_window_paths_b, co_window_paths_a, co_window_paths_b,
          co_window_corner_a, co_window_cross_1, co_window_corner_a,
          co_window_paths_a, co_window_paths_a, co_window_2corner,
          co_window_of_opportunity_b, co_window_broadway_b,
          co_window_of_opportunity_c, co_window_2corner, co_window_broadway_a,
          co_window_cross_2, glass_columns_c
D:8:      layout_loops_ring, serial_shops, shop, uniq_harold, uniq_gastronok,
          uniq_joseph
D:9:      layout_stronghold, grunt_lair_entry_orc_guard_hut,
          ebering_ghost_reflecting_pool
D:10:     minmay_flawed_box, layout_rooms, kb_rosetta
Temple:   regret_index_temple_sigil_plot
Lair:1:   layout_chaotic_city, hangedman_lair_unloving_vines,
          serial_bayou_shore_a, lemuel_fruit_tree
Lair:2:   layout_regular_city, minmay_shoals_entry_lonely_mermaid
Lair:3:   layout_chaotic_city, minmay_snake_entry_spellcaster,
          serial_bayou_lagoon_a, uniq_fannar, uniq_nergalle

Skill      XL: |  1  2  3  4  5  6  7  8  9 10 11 12 |
---------------+-------------------------------------+-----
Shields        | 4 5 6 7 8 10 12 13 14 | 14.1
Axes           | 3 4 5 6 8 10 12 13 | 13.9
Fighting       | 5 8 9 |  9.0
Invocations    | 8 9 |  9.4
Armour         | |  3.6

Action                   |  1- 3 |  4- 6 |  7- 9 | 10-12 || total
-------------------------+-------+-------+-------+-------++-------
Melee: War axe           |    75 |   123 |   271 |   391 ||   860
       Headbutt          |    12 |    26 |    46 |    67 ||   151
       Glaive            |       |       |       |    14 ||    14
Throw: Dart              |       |       |     4 |     5 ||     9
Invok: Heroism           |       |       |       |     1 ||     1
       Finesse           |       |       |       |     1 ||     1
Evoke: Wand              |       |       |     8 |    10 ||    18
  Use: Scroll            |       |       |       |    11 ||    11
       Potion            |       |       |       |     7 ||     7
Armor: Scale mail        |    41 |    19 |       |       ||    60
       Plate armour      |       |    51 |   142 |   265 ||   458
       Skin              |       |       |       |    19 ||    19
Dodge: Dodged            |    32 |    46 |    73 |   109 ||   260
Block: Buckler           |    20 |    26 |    88 |   133 ||   267
